AoeStats
← CTM | Grabiel

Nomad

503693786Analyzed
4v4 RM · 1mo ago on Sep 1, 2026· 27m 59s· 8 players
Game mode
Random Map
Map size
231×231
Population
200
Speed
Normal
Resources
Standard
Victory
Conquest
Starting age
Dark Age
Ending age
Imperial Age
RankedLock teamsTeams togetherTeam positionsShared explorationLock speedFull tech treeHidden civsTurbo modeCheats
Victory
Defeat
🇦🇷 Malay · Argentina
1571
+5
🇵🇪 Goths · Peru
1426
+10
🇵🇪 Wu · Peru
1313
+15
🇨🇱 Persians · Chile
938
+28
🇺🇸 Huns · United States
1311
-16
🇦🇷 Burmese · Argentina
1289
-15
🇨🇳 Khmer · China
1272
-14
🇩🇪 Dravidians · Germany
1263
-14
Enter a Name
5:45 Loom
14:35 Feudal Age
18:32 Castle Age
16:37 Stone Mining
25:05 Scale Barding Armor
Tronald Dump
3:38 Loom
12:27 Feudal Age
13:17 Double-Bit Axe
19:53 Castle Age
18:26 Fletching
18:56 Gold Mining
19:05 Fishing Lines
21:02 Bodkin Arrow
21:21 Gillnets
22:45 Man-at-Arms
24:30 Scale Mail Armor
23:52 Long Swordsman
24:36 Squires
25:55 Ballistics
27:10 Chain Mail Armor
28:52 Wheelbarrow
小明
5:11 Loom
14:14 Feudal Age
19:01 Castle Age
19:00 Double-Bit Axe
21:18 Fletching
22:11 Bodkin Arrow
EL TÍO TUPAKIER
7:05 Loom
13:06 Feudal Age
13:34 Man-at-Arms
14:33 Gold Mining
16:39 Wheelbarrow
19:43 Town Watch
19:44 Horse Collar
22:11 Fletching
22:16 Stone Mining
26:50 Castle Age
CTM | KLIN
3:48 Loom
13:53 Feudal Age
17:34 Castle Age
21:03 Forging
21:01 Double-Bit Axe
21:54 Scale Mail Armor
[PVS] Manu_X
4:59 Loom
14:36 Feudal Age
CTM | Interestellar space
6:13 Loom
13:14 Feudal Age
20:12 Castle Age
20:37 Scale Mail Armor
21:26 Town Watch
23:22 Squires
26:22 Forging
CTM | Grabiel
5:42 Loom
13:07 Feudal Age
13:14 Double-Bit Axe
19:16 Castle Age
17:55 Stone Mining
Connection lost

Rejoining the realm…

Still unreachable

The connection could not be restored.

Session expired

The server has moved on; the page needs a fresh start.